 Dungeon Crawl Stone Soup version 0.30-a0-241-g1121274140 (webtiles) character file.

Game seed: 18440116466207683826

21967 billz999 the Brawler (level 12, -1/156 HPs)
             Began as a Troll Monk on Oct 10, 2022.
             Was an Elder of Makhleb.
             Slain by a fire bat (4 damage)
             ... in a Gauntlet.
             The game lasted 00:21:02 (10530 turns).

billz999 the Brawler (Troll Monk)                  Turns: 10530, Time: 00:21:03

Health: -1/156     AC:  8    Str: 26    XL:     12   Next: 58%
Magic:  0/11       EV: 10    Int: 12    God:    Makhleb [****..]
Gold:   812        SH:  0    Dex: 12    Spells: 11/11 levels left

rFire   + + .      SeeInvis .      - Unarmed
rCold   . . .      Faith    .    (no shield)
rNeg    . . .      Spirit   +    G - +0 steam dragon scales
rPois   +          Reflect  .    (helmet restricted)
rElec   +          Harm     .    y - +0 cloak
rCorr   +          Rampage  .    (gloves unavailable)
Will    .....      NoTele   +    (boots unavailable)
Stlth   ..........               m - amulet of guardian spirit
HPRegen 1.26/turn                j - ring of fire
MPRegen 0.12/turn                R - +6 ring of intelligence

@: berserking, resistant, very quick
A: large, unfitting armour, claws 3, regeneration 1, shaggy fur 1, tough skin 1
a: Renounce Religion, Minor Destruction, Lesser Servant of Makhleb, Major
Destruction


You were in a Gauntlet.
You worshipped Makhleb.
Makhleb was greatly pleased with you.
You visited 2 branches of the dungeon, and saw 12 of its levels.
You also visited: Gauntlet.

You collected 812 gold pieces.

Inventory:

Missiles
 J - 5 javelins (quivered)
 L - 2 throwing nets
Armour
 a - a +0 robe
 w - a +0 buckler
 y - a +0 cloak (worn)
 G - +0 steam dragon scales (worn)
 P - +0 acid dragon scales
 Q - a +0 kite shield
Jewellery
 e - a ring of magical power
 j - a ring of fire (left claw)
 m - an amulet of guardian spirit (around neck)
 s - a ring of positive energy
 R - a +6 ring of intelligence (right claw)
Wands
 k - a wand of polymorph (2)
 A - a wand of mindburst (1)
 E - a wand of flame (43)
 I - a wand of charming (5)
Scrolls
 c - 4 scrolls of vulnerability
 g - a scroll of identify
 h - a scroll of enchant weapon {unknown}
 i - 5 scrolls of teleportation {unknown}
 p - 2 scrolls of torment {unknown}
 q - 2 scrolls of fog {unknown}
 t - a scroll of immolation {unknown}
 v - 3 scrolls of amnesia {unknown}
 D - 2 scrolls of magic mapping {unknown}
 H - a scroll of fear {unknown}
 K - 2 scrolls of poison {unknown}
 N - a scroll of acquirement {unknown}
 O - 2 scrolls of blinking {unknown}
Potions
 b - 4 potions of ambrosia
 d - 5 potions of mutation
 f - 3 potions of attraction
 l - 2 potions of lignification
 n - a potion of flight
 o - a potion of might {unknown}
 r - a potion of haste
 x - a potion of curing
 z - 2 potions of brilliance
 B - 2 potions of berserk rage
 C - 4 potions of degeneration
 M - a potion of magic {unknown}


   Skills:
 - Level 2.4 Fighting
 - Level 2.4 Dodging
 - Level 1.0 Stealth
 + Level 9.4 Shields
 - Level 17.4 Unarmed Combat


You had 11 spell levels left.
You didn't know any spells.
Your spell library contained the following spells:

 Spells                   Type           Power      Damage    Failure   Level
 Beastly Appendage        Tmut           0%         N/A       32%         1
 Necrotise                Necr           0%         1d4       32%         1
 Ensorcelled Hibernation  Hex/Ice        0%         N/A       45%         2
 Wereblood                Tmut           0%         N/A       45%         2
 Inner Flame              Hex/Fire       0%         N/A       69%         3
 Kindle Blastsparks       Fire/Tloc/Air  0%         2d10      69%         3
 Ozocubu's Armour         Ice            0%         N/A       69%         3
 Spider Form              Tmut/Pois      0%         N/A       69%         3
 Vampiric Draining        Necr           0%         2d6       69%         3
 Anguish                  Hex/Necr       0%         N/A       97%         4
 Flame Wave               Conj/Fire      0%         2d4       97%         4
 Fulminant Prism          Conj/Hex       0%         3d6       97%         4
 Iskenderun's Mystic Bla  Conj/Tloc      0%         2d3       97%         4
 Petrify                  Tmut/Erth      0%         N/A       97%         4
 Sticky Flame             Conj/Fire      0%         2d3       97%         4
 Agony                    Necr           0%         N/A       100%        5
 Lee's Rapid Deconstruct  Erth           0%         3d5*      100%        5
 Metabolic Englaciation   Hex/Ice        0%         N/A       100%        5
 Simulacrum               Ice/Necr       0%         N/A       100%        6
 Statue Form              Tmut/Erth      0%         N/A       100%        6


Dungeon Overview and Level Annotations

Branches:
Dungeon (11/15)            Temple (1/1) D:7             Orc (0/2) D:10
Gauntlet (1/1)
   Lair: D:8-11

Altars:
Ashenzari
Cheibriados
Dithmenos
Elyvilon
Fedhas
Gozag
Hepliaklqana
Kikubaaqudgha
Makhleb
Nemelex Xobeh
Okawaru
Qazlal
Ru
Sif Muna
Trog
Uskayaw
Vehumet
Wu Jian
Xom
Yredelemnul
Zin
The Shining One

Shops:
D:1 *   D:2 :   D:6 (   D:9 (

Annotations:
Gauntlet 15 transporters, 21 runed translucent doors, exclusions: 2 lightning spires and orange crystal statue


Innate Abilities, Weirdness & Mutations

You are too large for most types of armour.
You have claws for hands.
Your natural rate of healing is unusually fast.
You are covered in fur. (AC +1)
You have tough skin. (AC +1)


Message History

* * * LOW HITPOINT WARNING * * *
You are engulfed in flames.
You resist.
* * * LOW HITPOINT WARNING * * *
The fire crab claws you but does no damage.
You mangle the fire crab!!
The fire crab is heavily wounded.
You are engulfed in blazing flames.
You resist.
* * * LOW HITPOINT WARNING * * *
The fire bat bites you but does no damage.
The fire bat closely misses you. x2
You barely miss the fire crab.
The fire crab is heavily wounded.
You are engulfed in blazing flames.
You resist.
* * * LOW HITPOINT WARNING * * *
The fire bat closely misses you. The fire bat barely misses you.
The fire crab bites you!
* * * LOW HITPOINT WARNING * * *
You are engulfed in flames.
You resist.
* * * LOW HITPOINT WARNING * * *
The fire crab closely misses you.
You feel better.
You are engulfed in blazing flames.
You resist.
* * * LOW HITPOINT WARNING * * *
The fire bat closely misses you. x2; The fire bat bites you.
* * * LOW HITPOINT WARNING * * *
You are engulfed in flames.
You resist.
* * * LOW HITPOINT WARNING * * *
The fire bat bites you but does no damage. x2
The fire crab barely misses you. The fire crab claws you.
* * * LOW HITPOINT WARNING * * *
You are engulfed in flames.
You resist.
* * * LOW HITPOINT WARNING * * *
A red film seems to cover your vision as you go berserk!
You feel yourself moving faster!
You feel mighty!
The fire bat bites you but does no damage.
The fire bat bites you.
* * * LOW HITPOINT WARNING * * *
You are engulfed in flames.
You resist.
* * * LOW HITPOINT WARNING * * *
The fire bat bites you.
You die...

###################.∩.###
#≈.......................
###...................©....
#8#..###########.##########
###..######.#.##.#....#....
#....#.#..#b.#.#.#...#.#...
###....##..##.##.#.#..#.©.#..
#8#..###.###b.#.##.#.#..#..#.
###..#©#©.##@#.###.##..#.#..#
#..#.#$##b#t...#.#..#...#.. ###
###..#.#!##b#.#.##.#J#..#..#. #8#
#8#..#.#....##.#.#.##..#.#..#
#######..#.#..#.#.##.#.#JJ#.©.#.)
.........#.######################
.........#.#≈≈8≈≈#©.........©....
##########.######################
..........©...........©#≈≈≈≈8≈≈≈≈


You could see a fire crab and 4 fire bats.

Vanquished Creatures
  Harold (D:9)
  A boulder beetle (D:10)
  A centaur warrior (D:10)
  A two-headed ogre (D:10)
  An orc knight (D:9)
  A wizard (D:10)
  A deep elf pyromancer (D:10)
  A cyclops (D:10)
  Joseph (D:7)
  An unseen horror (shapeshifter) (D:10)
  An unseen horror (D:10)
  2 trolls
  Prince Ribbit (D:7)
  A shadow (D:9)
  2 wyverns
  9 yaks
  2 steam dragons
  An acid dragon (D:10)
  2 water moccasins
  2 ice beasts
  7 orc warriors
  2 black bears (D:8)
  3 ogres
  3 centaurs
  3 kobold brigands
  A gnoll sergeant (D:8)
  4 bullfrogs
  A necrophage (D:4)
  3 scorpions
  5 wights
  13 killer bees
  4 howler monkeys
  4 hounds
  A gnoll bouda (D:8)
  4 jellies
  10 orc priests
  2 iguanas
  Natasha (D:2)
  11 orc wizards
  Robin (D:2)
  3 gnolls (D:8)
  6 adders
  2 shadow imps
  4 white imps
  3 worms
  7 dart slugs
  35 orcs
  4 endoplasms
  3 giant cockroaches
  15 goblins
  6 hobgoblins
  11 jackals (D:1)
  26 kobolds
  7 quokkas
  6 ball pythons
  7 bats
  12 frilled lizards
  5 rats
278 creatures vanquished.

Vanquished Creatures (others)
  38 demonic plants (Gauntlet)
  A plant (Gauntlet)
39 creatures vanquished.

Grand Total: 317 creatures vanquished

Notes
Turn   | Place    | Note
-------+----------+-------------------------------------------
     0 | D:1      | billz999 the Troll Monk began the quest for the Orb.
     0 | D:1      | Reached XP level 1. HP: 22/22 MP: 0/0
   125 | D:1      | Reached XP level 2. HP: 29/29 MP: 1/1
   204 | D:1      | Reached skill level 4 in Unarmed Combat
   447 | D:1      | Reached XP level 3. HP: 36/36 MP: 2/2
   513 | D:1      | Found Leki's Assorted Antiques.
   616 | D:1      | Found a faded altar of an unknown god.
  1056 | D:2      | Reached skill level 5 in Unarmed Combat
  1056 | D:2      | Reached XP level 4. HP: 44/44 MP: 3/3
  1152 | D:2      | Found Cupuoneel's Book Boutique.
  1214 | D:2      | Noticed Robin
  1215 | D:2      | Noticed Natasha
  1237 | D:2      | Killed Natasha
  1239 | D:2      | Killed Robin
  1756 | D:3      | Noticed a kobold brigand
  1988 | D:3      | Reached XP level 5. HP: 50/50 MP: 4/4
  2441 | D:4      | Reached skill level 6 in Unarmed Combat
  2607 | D:4      | Reached XP level 6. HP: 59/59 MP: 5/5
  2780 | D:4      | Reached skill level 7 in Unarmed Combat
  3281 | D:5      | Entered Level 5 of the Dungeon
  3376 | D:5      | Reached skill level 8 in Unarmed Combat
  3376 | D:5      | Reached XP level 7. HP: 66/66 MP: 6/6
  3558 | D:5      | Found an ancient bone altar of Kikubaaqudgha.
  3559 | D:5      | Found a basalt altar of Yredelemnul.
  3560 | D:5      | Found a snail-covered altar of Cheibriados.
  3560 | D:5      | Found a hazy altar of Hepliaklqana.
  3561 | D:5      | Found a shadowy altar of Dithmenos.
  3757 | D:5      | Reached skill level 9 in Unarmed Combat
  3872 | D:5      | Identified the +2 ring mail of the Thinker {Int+2}
  3986 | D:6      | Found Boetunn's Antique Weapon Shop.
  4394 | D:6      | Reached XP level 8. HP: 72/74 MP: 7/7
  4619 | D:7      | Reached skill level 10 in Unarmed Combat
  4820 | D:7      | Reached skill level 11 in Unarmed Combat
  4904 | D:7      | Found a staircase to the Ecumenical Temple.
  4964 | Temple   | Entered the Ecumenical Temple
  4968 | Temple   | Became a worshipper of Makhleb the Destroyer
  4968 | Temple   | Reached * piety under Makhleb
  4968 | Temple   | Reached ** piety under Makhleb
  4989 | D:7      | Noticed Joseph
  4999 | D:7      | Killed Joseph
  5000 | D:7      | Reached skill level 12 in Unarmed Combat
  5063 | D:7      | Reached XP level 9. HP: 80/80 MP: 8/8
  5148 | D:7      | Noticed Prince Ribbit
  5161 | D:7      | Killed Prince Ribbit
  5946 | D:8      | Reached skill level 13 in Unarmed Combat
  6078 | D:8      | Reached skill level 14 in Unarmed Combat
  6649 | D:8      | Reached XP level 10. HP: 65/88 MP: 9/9
  6711 | D:8      | Reached *** piety under Makhleb
  7438 | D:9      | Found Vaulomuha's Antique Weapon Shop.
  7600 | D:9      | Found a runed translucent door.
  7796 | D:9      | Reached skill level 15 in Unarmed Combat
  7987 | D:9      | Identified the +5 ring mail of Liaggacal {rPois rF+}
  7996 | D:9      | Noticed Harold
  8009 | D:9      | Killed Harold
  8341 | D:10     | Entered Level 10 of the Dungeon
  8401 | D:10     | Reached skill level 16 in Unarmed Combat
  8471 | D:10     | Noticed a two-headed ogre
  8479 | D:10     | Killed a two-headed ogre
  8522 | D:10     | Found a staircase to the Orcish Mines.
  8731 | D:10     | Reached XP level 11. HP: 94/94 MP: 10/10
  8758 | D:10     | Reached skill level 17 in Unarmed Combat
  8763 | D:10     | Noticed a boulder beetle
  8791 | D:10     | Killed a boulder beetle
  9006 | D:10     | Reached **** piety under Makhleb
  9294 | D:10     | Noticed a wizard
  9400 | D:10     | Noticed a centaur warrior
  9400 | D:10     | Noticed a centaur warrior
  9402 | D:10     | Noticed a deep elf pyromancer
  9403 | D:10     | Killed a wizard
  9405 | D:10     | Noticed a green ugly thing
  9408 | D:10     | Identified the +11 dagger of Dividends {freeze, Int+2 SInv
                  | Stlth+}
  9861 | D:10     | Killed a deep elf pyromancer
  9913 | D:10     | Killed a centaur warrior
 10004 | D:9      | Noticed an orc knight
 10013 | D:9      | Killed an orc knight
 10014 | D:9      | Reached skill level 5 in Shields
 10119 | D:11     | Found a gate leading to a gauntlet.
 10158 | Gauntlet | Entered a Gauntlet
 10158 | Gauntlet | Found a transporter.
 10168 | Gauntlet | Found a transporter.
 10183 | Gauntlet | Found a transporter.
 10186 | Gauntlet | Noticed a dire elephant
 10186 | Gauntlet | Noticed a hell hog
 10188 | Gauntlet | Found a transporter.
 10205 | Gauntlet | Found a transporter.
 10223 | Gauntlet | Found a transporter.
 10235 | Gauntlet | Found a transporter.
 10236 | Gauntlet | Noticed a wretched star
 10247 | Gauntlet | Found a transporter.
 10255 | Gauntlet | Found a large runed translucent door.
 10256 | Gauntlet | Found a large runed translucent door.
 10257 | Gauntlet | Found a large runed translucent door.
 10257 | Gauntlet | Found a large runed translucent door.
 10258 | Gauntlet | Found a runed translucent gate.
 10259 | Gauntlet | Found a transporter.
 10259 | Gauntlet | Found a runed translucent gate.
 10259 | Gauntlet | Noticed an orange crystal statue
 10260 | Gauntlet | Found a runed translucent gate.
 10261 | Gauntlet | Found a large runed translucent door.
 10261 | Gauntlet | Found a large runed translucent door.
 10262 | Gauntlet | Found a large runed translucent door.
 10263 | Gauntlet | Found a large runed translucent door.
 10271 | Gauntlet | Found a transporter.
 10284 | Gauntlet | Found a large runed translucent door.
 10284 | Gauntlet | Found a large runed translucent door.
 10284 | Gauntlet | Found a runed translucent door.
 10284 | Gauntlet | Found a runed translucent door.
 10285 | Gauntlet | Found a large runed translucent door.
 10286 | Gauntlet | Found a large runed translucent door.
 10288 | Gauntlet | Found a transporter.
 10288 | Gauntlet | Found a transporter.
 10304 | Gauntlet | Found a large runed translucent door.
 10304 | Gauntlet | Found a large runed translucent door.
 10305 | Gauntlet | Found a large runed translucent door.
 10306 | Gauntlet | Found a large runed translucent door.
 10308 | Gauntlet | Found a transporter.
 10328 | Gauntlet | Found a transporter.
 10350 | Gauntlet | Found a transporter.
 10427 | Gauntlet | Found a transporter.
 10444 | Gauntlet | Noticed a fire crab
 10455 | Gauntlet | Found a transporter.
 10477 | Gauntlet | Found a transporter.
 10525 | Gauntlet | Reached XP level 12. HP: 40/104 MP: 2/11
 10529 | Gauntlet | HP: 4/104 [fire crab (4)]
 10530 | Gauntlet | Slain by a fire bat

Illustrated notes

Levels and vault maps discovered:
D:1:      wander_arrival_estate, layout_basic,
          hellmonk_ecumenical_altar_dog_temple, serial_shops, shop,
          minmay_lizard_pond
D:2:      layout_basic, serial_shops, nicolae_shop_crystal, uniq_robin,
          uniq_natasha
D:3:      minmay_door_path, layout_loops_ring, lightli_corner_chamber
D:4:      layout_gridville, kennysheep_minor_cross
D:5:      layout_basic, grunt_temple_overflow_open
D:6:      layout_basic, serial_shops, nicolae_shop_waterfront,
          amcnicky_mini_pool_small
D:7:      layout_gridville, temple_doors_e, minmay_unpleasant_kobolds,
          uniq_prince_ribbit1, uniq_joseph
D:8:      layout_basic, serial_curves, eino_curves_03, eino_curves_04,
          eino_curves_03, kennysheep_kite_vault
D:9:      layout_roguey, serial_shops, nicolae_shop_statue_plus,
          lightli_church_of_beogh, uniq_harold
D:10:     minmay_the_grid_triangle_9x9_rhombus_thin
          [minmay_the_grid_triangle_9x9_odd_lines,
          minmay_the_grid_triangle_9x9_prize_insulated,
          minmay_the_grid_triangle_9x9_impossible_snake,
          minmay_the_grid_triangle_9x9_alien], layout_stronghold
D:11:     layout_cross, lair_entry_dummy, gauntlet_entry_generic, uniq_urug,
          uniq_sonja
Temple:   sentei_temple_godly_chess
Gauntlet: gammafunk_gauntlet_one_two_three
          [gammafunk_gauntlet_arena_arrow_garden, gammafunk_gauntlet_arena_grid,
          gammafunk_gauntlet_arena_mazey, nicolae_gauntlet_arena_blocks,
          gammafunk_gauntlet_arena_hedges, nicolae_gauntlet_arena_quarters,
          gammafunk_gauntlet_arena_teeth,
          minmay_gauntlet_arena_make_your_own_arena,
          nicolae_gauntlet_arena_flowing_pool, gauntlet_exit_hidden_loot]

Skill      XL: |  1  2  3  4  5  6  7  8  9 10 11 |
---------------+----------------------------------+-----
Unarmed Combat | 4 5 6 8 9 12 14 16 17 | 17.4
Shields        | 9 |  9.4
Fighting       | |  2.4
Dodging        | |  2.4
Stealth        | |  1.0

Action                   |  1- 3 |  4- 6 |  7- 9 | 10-12 || total
-------------------------+-------+-------+-------+-------++-------
Melee: Unarmed           |   133 |   146 |   251 |   242 ||   772
       Punch             |     3 |     4 |    13 |    19 ||    39
Invok: Lesser Servant of |       |       |       |     1 ||     1
Evoke: Wand              |       |       |     9 |     6 ||    15
  Use: Scroll            |       |       |       |    10 ||    10
       Potion            |       |       |       |     4 ||     4
 Stab: Sleeping          |     3 |     4 |     2 |     2 ||    11
Armor: Robe              |    39 |    38 |    39 |       ||   116
       Skin              |       |    14 |       |       ||    14
       Steam dragon scal |       |       |    12 |    86 ||    98
Dodge: Dodged            |    63 |    46 |   102 |    98 ||   309

Table legend: (Time is in decaauts)
 A = Elapsed time spent in this place.
 B = Non-inter-level travel time spent in this place.
 C = Inter-level travel time spent in this place.
 D = Time resting spent in this place.
 E = Time spent auto-exploring this place.
 F = Levels seen in this place.
 G = Mean time per level.
                   A        B        C        D        E       F      G
               +--------+--------+--------+--------+--------+-----+--------+
         Total |  10400 |   9298 |   1102 |    407 |   7168 |  13 |  800.0 |
       Dungeon |  10023 |   8928 |   1095 |    407 |   6878 |  11 |  911.2 |
        Temple |      8 |      2 |      6 |      0 |      0 |   1 |    8.0 |
      Gauntlet |    368 |    368 |      0 |      0 |    290 |   1 |  368.0 |
               +--------+--------+--------+--------+--------+-----+--------+

Top non-repeatable levels by time:
     D:8: 1399 daAuts
     D:9: 1333 daAuts
    D:10: 1258 daAuts
     D:1: 970 daAuts
     D:7: 962 daAuts
     D:3: 894 daAuts
     D:4: 875 daAuts
     D:2: 797 daAuts
     D:5: 793 daAuts
     D:6: 701 daAuts
Gauntlet: 368 daAuts
    D:11: 37 daAuts
  Temple: 8 daAuts
